AoeStats
← shingo87

Hill Fort

505997985Analyzed
2v2 RM · 20d ago on Sep 12, 2026· 57m 40s· 4 players
Game mode
Random Map
Map size
Medium (4 player)
Population
200
Speed
Normal
Resources
Standard
Victory
Conquest
Starting age
Dark Age
Ending age
Imperial Age
RankedLock teamsTeams togetherTeam positionsShared explorationLock speedFull tech treeHidden civsTurbo modeCheats
Victory
Defeat
🇺🇸 Goths · United States
1262
+14
🇦🇷 Cumans · Argentina
1158
+18
🇺🇸 Romans · United States
1212
-16
🇺🇸 Huns · United States
1207
-16
shingo87
10:46 Feudal Age
13:21 Loom
15:55 Castle Age
14:02 Double-Bit Axe
14:16 Horse Collar
17:52 Scale Barding Armor
18:00 Forging
19:00 Wheelbarrow
20:41 Town Watch
21:16 Gold Mining
25:47 Stone Mining
27:37 Bow Saw
32:06 Imperial Age
32:49 Masonry
33:22 Bloodlines
33:39 Husbandry
33:16 Cavalier
37:14 Iron Casting
40:56 Murder Holes
42:12 Conscription
44:30 Thumb Ring
44:21 Fletching
46:22 Bodkin Arrow
50:05 Bracer
52:54 Chemistry
52:37 Ballistics
55:01 Heavy Cavalry Archer
56:44 Chemistry
55:35 Light Cavalry
joker
10:17 Feudal Age
8:59 Loom
10:52 Horse Collar
19:38 Castle Age
17:47 Man-at-Arms
18:31 Scale Mail Armor
18:48 Double-Bit Axe
19:13 Man-at-Arms
22:59 Chain Mail Armor
23:54 Forging
26:08 Wheelbarrow
26:24 Iron Casting
30:59 Bow Saw
30:33 Long Swordsman
35:29 Imperial Age
34:54 Ballistics
35:15 Gold Mining
37:24 Chemistry
38:36 Heavy Scorpion
41:56 Conscription
41:37 Legionary
44:39 Blast Furnace
44:40 Siege Engineers
45:37 Squires
45:57 Town Watch
51:14 Pikeman
oNLy-Bk
0:43 Loom
11:46 Feudal Age
16:52 Castle Age
15:28 Gold Mining
15:31 Double-Bit Axe
16:10 Man-at-Arms
20:03 Pikeman
22:18 Scale Mail Armor
23:44 Bow Saw
26:25 Fletching
31:55 Horse Collar
35:52 Wheelbarrow
36:27 Chain Mail Armor
39:46 Imperial Age
36:53 Long Swordsman
37:46 Forging
37:51 Squires
39:11 Iron Casting
40:08 Anarchy
40:38 Hand Cart
39:57 Two-Handed Swordsman
43:21 Blast Furnace
42:25 Perfusion
42:06 Light Cavalry
42:56 Heavy Plow
42:37 Champion
43:09 Cavalier
44:34 Conscription
45:33 Hussar
46:23 Bloodlines
46:34 Husbandry
47:41 Chemistry
48:02 Gold Mining
48:02 Halberdier
49:27 Scale Barding Armor
49:17 Bodkin Arrow
50:55 Elite Huskarl
55:51 Ballistics
LIONETO
6:31 Loom
11:08 Feudal Age
14:37 Double-Bit Axe
20:22 Castle Age
19:21 Scale Mail Armor
20:34 Pikeman
27:05 Chain Mail Armor
27:25 Fletching
29:19 Bodkin Arrow
33:09 Imperial Age
31:31 Gold Mining
31:54 Forging
35:31 Chain Mail Armor
35:51 Iron Casting
35:50 Halberdier
37:53 Plate Mail Armor
37:41 Bow Saw
38:35 Blast Furnace
40:08 Scale Barding Armor
42:00 Wheelbarrow
41:40 Bloodlines
42:28 Chain Barding Armor
42:35 Caravan
47:30 Plate Barding Armor
48:38 Conscription
Connection lost

Rejoining the realm…

Still unreachable

The connection could not be restored.

Session expired

The server has moved on; the page needs a fresh start.